 Dungeon Crawl Stone Soup version 0.14-a0-1707-g75daffb (webtiles) character file.

219 HollowCharge the Slasher (level 5, 0/34 HPs)
             Began as a Tengu Fighter on Dec 31, 2013.
             Killed from afar by an orc wizard (13 damage)
             ... with a puff of frost
             ... on Level 3 of the Dungeon.
             The game lasted 00:10:49 (2289 turns).

HollowCharge the Slasher (Tengu Fighter)            Turns: 2289, Time: 00:10:49

HP   0/34        AC 10     Str 17      XL: 5   Next: 15%
MP   7/7         EV  6     Int  8      God:
Gold 87          SH 18     Dex 14      Spells:  0 memorised,  4 levels left

rFire  + . .     SeeInvis .     a - +1 falchion
rCold  x . .     Clarity  .     b - +0 scale mail
rNeg   . . .     Conserve .     c - +0 shield
rPois  .         rCorr    .     (helmet restricted)
rElec  .         rRot     .     s - +2 cloak
SustAb . .       Spirit   .     (no gloves)
rMut   .         Warding  .     (boots unavailable)
Saprov . . .     Stasis   .     h - amulet of inaccuracy
                                (no ring)
                                p - ring of fire

@: slightly resistant to hostile enchantments, extremely unstealthy
A: able to fly, beak, talons 3
a: Fly


You were on level 3 of the Dungeon.
You were hungry.

You visited 1 branch of the dungeon, and saw 3 of its levels.

You collected 87 gold pieces.

Inventory:

Hand weapons
 a - a +1,+1 falchion (weapon)
Armour
 b - a +0 scale mail (worn)
 c - a +0 shield (worn)
 s - a +2 cloak (worn)
Comestibles
 d - 2 bread rations
 k - 9 rotting chunks of orc flesh
Scrolls
 e - 2 scrolls of enchant weapon I
 g - 6 scrolls of identify
Jewellery
 h - an amulet of inaccuracy (around neck)
 p - a ring of fire (left hand)
Potions
 l - a potion of heal wounds {unknown}
 n - a potion of poison {unknown}
 q - 2 potions of curing {unknown}
 t - a potion of agility {unknown}
 w - a potion of paralysis {unknown}


   Skills:
 + Level 4.3 Fighting
 + Level 4.4 Long Blades
 - Level 3.2 Armour
 - Level 3.0 Shields


You had 4 spell levels left.
You didn't know any spells.

Dungeon Overview and Level Annotations

Branches:
Dungeon (3/16)

Altars:


Innate Abilities, Weirdness & Mutations

You can fly.
You have a beak for a mouth.
You have claws for feet.


Message History

You miss the orc wizard.
You claw the orc wizard, but do no damage.
Your peck misses the orc wizard.
The orc wizard is lightly wounded.
The orc barely misses you. The orc wizard barely misses you.
The orc hits you from afar with an orcish trident.
Your scale mail prevents you from hitting the orc wizard.
You peck the orc wizard.
The orc wizard is moderately wounded.
The orc wizard hits you but does no damage.
The orc hits you from afar with an orcish trident.
You closely miss the orc wizard. Your kick misses the orc wizard.
The orc wizard is moderately wounded.
You block the orc wizard's attack. The orc hits you but does no damage.
You block the orc wizard's attack.
You hit the orc wizard. Your peck misses the orc wizard.
The orc wizard is severely wounded.
The orc wizard gestures at you while chanting.
The puff of frost hits you!
You feel a terrible chill!
You die...

#.# #..######.# #.#
#.......... #.# #
##.###.##.# ####.#######.
#.........
#.............##.###.##.#
#..."..............#
##.#..........##.#.#
#.#.#######. #.#.# #.#.#
# #@# # #.#.#
#....oo.........
##%#.#####.#..##.#.#.##.
#............ ......
##....###..# #.# #.#
#.....# #.. ... #.....#
.. #.. . #.....##..# !..
#........... #..


You could see an orc wizard and an orc.

Vanquished Creatures
  An orc priest (D:3)
  2 adders (D:3)
  A worm (D:2)
  2 giant geckos
  13 orcs (D:3)
  9 bats
  4 giant cockroaches
  4 goblins
  8 hobgoblins
  8 kobolds
  3 giant newts
  A quokka (D:3)
  5 rats
61 creatures vanquished.

Notes
Turn   | Place    | Note
--------------------------------------------------------------
     0 | D:1      | HollowCharge, the Tengu Fighter, began the quest for the Orb.
     0 | D:1      | Reached XP level 1. HP: 14/14 MP: 1/1
   181 | D:1      | Reached XP level 2. HP: 12/19 MP: 3/3
   507 | D:1      | Reached XP level 3. HP: 20/23 MP: 4/4
  1546 | D:3      | Reached XP level 4. HP: 29/29 MP: 5/5
  1662 | D:3      | Reached skill level 4 in Fighting
  2016 | D:3      | Reached XP level 5. HP: 33/33 MP: 7/7
  2289 | D:3      | Killed from afar by an orc wizard

Action                   |  1- 3 |  4- 6 || total
-------------------------+-------+-------++-------
Melee: Falchion          |   105 |    70 ||   175
  Use: Scroll            |       |    10 ||    10
